 Dungeon Crawl Stone Soup version 0.31-a0-986-g5e6e4ef867 (webtiles) character file.

Game seed: 5117519110850101463

221 wildpjah the Cudgeller (level 5, -2/44 HPs)
             Began as an Armataur Warper on Nov 18, 2023.
             Was a Follower of Cheibriados.
             Killed from afar by Ijyb (7 damage)
             ... with a bolt of acid
             ... on level 4 of the Dungeon.
             The game lasted 00:06:22 (2455 turns).

wildpjah the Cudgeller (Armataur Warper)            Turns: 2455, Time: 00:06:22

Health: -2/44      AC:  4    Str: 20    XL:     5   Next: 65%
Magic:  6/8        EV:  9    Int: 18    God:    Cheibriados [*.....]
Gold:   134        SH:  0    Dex: 12    Spells: 4/8 levels left

rFire   . . .        a - +0 mace
rCold   . . .        (no shield)
rNeg    . . .        b - +0 leather armour
rPois   .            (no helmet)
rElec   .            (no cloak)
rCorr   .            (no gloves)
SInv    +            (no barding)
Will    .....        (no amulet)
Stlth   +            p - ring of see invisible
HPRegen 0.27/turn    (no ring)
MPRegen 0.11/turn

%: roll
@: very slow
A: large, rugged brown scales 3, deformed body, armoured tail, roll, long
tongue, awkward tongue
a: Renounce Religion, Bend Time


You were on level 4 of the Dungeon.
You worshipped Cheibriados.
Cheibriados was aware of your devotion.
You visited 1 branch of the dungeon, and saw 4 of its levels.

You collected 134 gold pieces.

Inventory:

Hand Weapons
 a - a +0 mace (weapon)
Missiles
 d - 7 darts of dispersal
 t - 6 poisoned darts
Armour
 b - a +0 leather armour (worn)
Jewellery
 p - a ring of see invisible (left hand)
Scrolls
 c - 3 scrolls of blinking
 e - 2 scrolls of identify {unknown}
 g - 2 scrolls of teleportation {unknown}
 h - a scroll of silence {unknown}
 k - a scroll of poison {unknown}
 l - 2 scrolls of fear {unknown}
 m - a scroll of noise {unknown}
 o - a scroll of enchant weapon {unknown}
 q - a scroll of revelation {unknown}
 u - a scroll of acquirement {unknown}
Potions
 f - a potion of berserk rage {unknown}
 i - a potion of might {unknown}
 j - 2 potions of ambrosia {unknown}
 n - a potion of haste {unknown}
 r - a potion of heal wounds {unknown}
 s - a potion of curing {unknown}


   Skills:
 + Level 2.6 Fighting
 + Level 3.8 Maces & Flails
 + Level 0.8 Throwing
 + Level 2.2 Armour
 + Level 2.0 Dodging
 + Level 1.3 Stealth
 + Level 2.1 Spellcasting
 + Level 3.2 Translocations


You had 4 spell levels left.
You knew the following spells:

 Your Spells              Type           Power      Damage    Failure   Level
a - Blink                 Tloc           26%        N/A       9%          2
b - Lesser Beckoning      Tloc           26%        N/A       9%          2

Your spell library contained the following spells:

 Spells                   Type           Power      Damage    Failure   Level
 Teleport Other           Tloc           13%        N/A       16%         3
 Manifold Assault         Tloc           13%        N/A       47%         4
 Dazzling Flash           Conj/Hex       2%         N/A       52%         3
 Stone Arrow              Conj/Erth      2%         3d7       52%         3
 Vhi's Electric Charge    Tloc/Air       14%        N/A       71%         4
 Animate Armour           Summ/Erth      2%         N/A       90%         4
 Agony                    Necr           1%         N/A       99%         5
 Silence                  Hex/Air        0%         N/A       99%         5
 Lehudib's Crystal Spear  Conj/Erth      0%         10d2      100%        8


Dungeon Overview and Level Annotations

Branches:
Dungeon (4/15)
 Temple: D:4-7

Altars:
Cheibriados
Wu Jian

Annotations:
D:3 3 runed translucent doors, mandarbmax's ghost, amateur VSBr; sammy202020's ghost, amateur DsSh
D:4 Ijyb


Innate Abilities, Weirdness & Mutations

You are completely covered in rugged brown scales. (AC +3, +7% HP)
Armour fits poorly on your strangely shaped body.
You have a long armoured tail.
You roll when moving toward enemies. (Rampage)
Your long tongue fully drains potion bottles. (2x potion effects)
Your tongue gives you trouble enunciating. (1.5x scroll delay)


Message History

You kill the endoplasm!
Cheibriados appreciates the change of pace.
Cheibriados raises the support of your attributes as your movement slows.
Things that are here:
a +0 club; a hobgoblin corpse; a hobgoblin corpse Ijyb the Twisted Goblin comes into view.
She is wielding a +0 dagger and carrying a wand of acid.
Things that are here:
a +0 dagger; a goblin corpse You start resting.
Ijyb is nearby!
Things that are here:
a +0 club; a hobgoblin corpse; a hobgoblin corpse
Things that are here:
a +0 spear; a +2 animal skin; a +0 helmet
Aiming: Lesser Beckoning (safe; 9% risk of failure)
Press: ? - help, Q - select action, (/) - cycle Shift-Dir - straight line, f - Ijyb
Aim: Ijyb, wielding a +0 dagger, wearing a +0 leather armour and carrying a wand of acid (wandering, hasn't noticed you, 100% to hit)
Ijyb hurls suddenly forward!
Ijyb hits you with a +0 dagger.
You closely miss Ijyb. You tail-slap Ijyb, but do no damage.
Ijyb hits you with a +0 dagger. Ijyb screams, "I no like you!"
Ijyb hits you with a +0 dagger.
You hit Ijyb.
Ijyb is lightly wounded.
Ijyb hits you with a +0 dagger.
You thump Ijyb!
Ijyb is heavily wounded.
Ijyb zaps a wand.
The bolt of acid misses you.
You hit Ijyb but do no damage. You tail-slap Ijyb.
Ijyb is heavily wounded.
Ijyb zaps a wand.
The bolt of acid misses you.
You hit Ijyb. You tail-slap Ijyb.
Ijyb is severely wounded.
Ijyb zaps a wand.
The bolt of acid hits you!!
* * * LOW HITPOINT WARNING * * *
You hit Ijyb but do no damage.
Your tail-slap misses Ijyb.
Ijyb is severely wounded.
Ijyb zaps a wand.
The bolt of acid hits you!
You die...

#.......##)##.##.#
#.......##.##.)..#
.........#.#######
#........#.###..
................
####[###.#####.#
... #)# ...####)#
....!..@#
##..#..g.......
..............)
#..............
#.#............ #
##...........
#......#....
..##..##....


You could see Ijyb.

Vanquished Creatures
  A hound (D:3)
  2 iguanas (D:4)
  Robin (D:4)
  4 adders
  3 worms
  5 dart slugs
  2 orcs
  7 endoplasms
  3 giant cockroaches
  11 goblins
  6 hobgoblins
  4 jackals
  4 quokkas
  6 ball pythons
  5 bats
  2 frilled lizards
  3 kobolds
  3 rats
72 creatures vanquished.

Notes
Turn   | Place    | Note
-------+----------+-------------------------------------------
     0 | D:1      | wildpjah the Armataur Warper began the quest for the Orb.
     0 | D:1      | Reached XP level 1. HP: 18/18 MP: 3/3
   160 | D:1      | Reached XP level 2. HP: 18/25 MP: 4/4
   391 | D:1      | Learned a level 2 spell: Blink
   394 | D:1      | Learned a level 2 spell: Lesser Beckoning
   506 | D:1      | Found Mykhopor's Book Boutique.
   704 | D:2      | Reached XP level 3. HP: 29/31 MP: 3/6
  1203 | D:3      | Found an ornate altar of the Wu Jian Council.
  1369 | D:3      | Found a runed translucent gate.
  1380 | D:3      | Reached XP level 4. HP: 35/39 MP: 7/7
  1382 | D:3      | Found a runed translucent gate.
  1382 | D:3      | Found a runed translucent gate.
  1412 | D:3      | Found a snail-covered altar of Cheibriados.
  1433 | D:3      | Became a worshipper of Cheibriados the Contemplative
  1977 | D:3      | Noticed mandarbmax's ghost (amateur VSBr)
  1977 | D:3      | Noticed sammy202020's ghost (amateur DsSh)
  2085 | D:4      | Reached XP level 5. HP: 38/44 MP: 8/8
  2272 | D:4      | Reached * piety under Cheibriados
  2403 | D:4      | Noticed Robin
  2416 | D:4      | Killed Robin
  2417 | D:4      | Reached skill level 1 in Stealth
  2436 | D:4      | Noticed Ijyb
  2455 | D:4      | Killed from afar by Ijyb

Illustrated notes

Levels and vault maps discovered:
D:1:      lightli_arrival_chessboard, layout_basic, serial_shops,
          nicolae_shop_advertising_works [nicolae_subvault_shop_adworks]
D:2:      layout_rooms
D:3:      layout_loops_cross, nicolae_wu_jian_wuxing_cycle,
          cheibrodos_worm_habitat, gammafunk_ghost_cemetery,
          chequers_decorated_corner
D:4:      layout_basic, mainiacjoe_overflow_small_starburst, serial_forest,
          infiniplex_forest_clump_tiny, infiniplex_forest_clump_small,
          infiniplex_forest_clump_small, infiniplex_forest_clump_medium,
          infiniplex_forest_lined_2, infiniplex_forest_zigzag_1,
          infiniplex_forest_end_3, infiniplex_forest_pool,
          minmay_misc_feat_cross, nicolae_goblin_pals

Skill      XL: |  1  2  3  4  5 |
---------------+----------------+-----
Maces & Flails | 2 3 |  3.8
Fighting       | 2 |  2.6
Spellcasting   | 2 |  2.1
Armour         | 2 |  2.2
Dodging        | 2 |  2.0
Stealth        | 1 |  1.3
Throwing       | |  0.8
Translocations | |  3.2

Action                     |  1- 3 |  4- 6 || total
---------------------------+-------+-------++-------
  Melee: Mace              |   113 |   116 ||   229
         Tailslap          |    14 |    12 ||    26
         Punch             |     2 |       ||     2
   Cast: Lesser Beckoning  |     2 |     1 ||     3
         Blink             |     1 |       ||     1
 Armour: Leather armour    |    84 |    88 ||   172
  Dodge: Dodged            |    75 |    57 ||   132

Table legend: (Time is in decaauts)
 A = Elapsed time spent in this place.
 B = Non-inter-level travel time spent in this place.
 C = Inter-level travel time spent in this place.
 D = Time resting spent in this place.
 E = Time spent auto-exploring this place.
 F = Levels seen in this place.
 G = Mean time per level.
                   A        B        C        D        E       F      G
               +--------+--------+--------+--------+--------+-----+--------+
         Total |   2681 |   2612 |     69 |     10 |   2083 |   4 |  670.2 |
       Dungeon |   2681 |   2612 |     69 |     10 |   2083 |   4 |  670.2 |
               +--------+--------+--------+--------+--------+-----+--------+

Top non-repeatable levels by time:
     D:3: 964 daAuts
     D:1: 706 daAuts
     D:4: 518 daAuts
     D:2: 491 daAuts
